 Dungeon Crawl Stone Soup version 0.21-a0-529-g8c7b3f5 (webtiles) character file.

456 pkoi the Ruffian (level 6, -14/44 HPs)
             Began as a Demonspawn Gladiator on Dec 11, 2017.
             Demolished by an ogre
             ... wielding a +0 giant club
              (26 damage)
             ... on level 5 of the Dungeon.
             The game lasted 00:06:46 (4319 turns).

pkoi the Ruffian (Demonspawn Gladiator)             Turns: 4319, Time: 00:06:46

Health: -14/44     AC: 12    Str: 16    XL:     6   Next: 77%
Magic:  6/6        EV:  5    Int: 11    God:
Gold:   379        SH:  0    Dex: 15    Spells: 5/5 levels left

rFire    . . .     SeeInvis .     - Unarmed
rCold    . . .     Gourm    .   (no shield)
rNeg     . . .     Faith    .   j - +0 plate armour
rPois    +         Spirit   .   h - +1 helmet
rElec    +         Reflect  .   (no cloak)
rCorr    .         Harm     .   (no gloves)
MR       .....                  (no boots)
Stlth    ..........             (no amulet)
HPRegen  0.14/turn              q - ring "Kuxaibu" {rElec Int+2}
MPRegen  0.10/turn              w - ring of poison resistance

@: no status effects
A: claws 1, hooves 1, powered by death 1
a: no special abilities


You were on level 5 of the Dungeon.
You were not hungry.

You visited 1 branch of the dungeon, and saw 5 of its levels.
You also visited: Ossuary.

You collected 379 gold pieces.

Inventory:

Missiles
 c - 3 throwing nets (quivered)
Armour
 h - a +1 helmet (worn)
 j - a +0 plate armour (worn)
Jewellery
 a - an uncursed ring of stealth
 l - an uncursed ring of protection from magic
 q - the ring "Kuxaibu" (left claw) {rElec Int+2}
   (You found it on level 3 of the Dungeon)

   [ring of intelligence]

   It affects your intelligence (+2).
   It insulates you from electricity.
 w - a ring of poison resistance (right claw)
Wands
 b - a wand of flame (40)
Scrolls
 e - a scroll of remove curse
 f - 2 scrolls of amnesia
 k - 5 scrolls of identify
 s - a scroll of teleportation
Potions
 g - a potion of cancellation {unknown}
 m - 3 potions of flight
 n - a potion of mutation {unknown}
 o - a potion of haste {unknown}
 p - a potion of heal wounds {unknown}
 r - 5 potions of curing
 t - a potion of agility {unknown}
 u - 2 potions of brilliance {unknown}
Comestibles
 d - 2 bread rations
 i - 4 royal jellies
 v - 5 chunks of flesh


   Skills:
 - Level 2.0 Fighting
 - Level 1.7 Throwing
 + Level 0.1 Armour
 - Level 2.6 Dodging
 + Level 7.0 Unarmed Combat


You had 5 spell levels left.
You didn't know any spells.

Dungeon Overview and Level Annotations

Branches:
Dungeon (5/15)
 Temple: D:4-7

Altars:
Dithmenos
Elyvilon

Annotations:
D:4 Sigmund; dolemite99's ghost, novice DsSk


Innate Abilities, Weirdness & Mutations

You have sharp fingernails.
You have large cloven feet.
You regenerate a little health from kills.


Message History

The adder bites you but does no damage. x2
You scratch the adder.
You kill the adder!
The ogre hits you with a giant club!!
* * * LOW HITPOINT WARNING * * *
You scratch the ogre. You kick the ogre.
The ogre is moderately wounded.
The ogre hits you with a giant club.
* * * LOW HITPOINT WARNING * * *
You claw the ogre! You kick the ogre, but do no damage.
The ogre is heavily wounded.
The ogre hits you with a giant club.
* * * LOW HITPOINT WARNING * * *
You completely miss the ogre. You kick the ogre.
The ogre is heavily wounded.
You scratch the ogre.
The ogre is severely wounded.
The ogre hits you with a giant club!!
Ouch! That really hurt!
You die...

..................##
.................#
................># .
.................##
.. ##........# .#
......$...#.#
.#.........#
..#..#..†...#
......O@##......
...#...?# #.....
.#......# ####.
##.....# ....$...
..#...... .........
.........


You could see an ogre.

Vanquished Creatures
  2 worker ants
  Natasha (thrice) (D:4)
  An orc wizard (D:3)
  A killer bee zombie (D:4)
  8 mummies (Ossuary)
  7 gnolls
  4 adders
  A worm zombie (D:4)
  3 worms (D:3)
  A dart slug (D:1)
  4 leopard geckos
  12 orcs
  6 bats
  A giant cockroach (D:1)
  6 hobgoblins
  2 quokkas
  4 frilled lizards
  A gnoll zombie (Ossuary)
  4 hobgoblin zombies (Ossuary)
  7 kobolds
  A kobold zombie (Ossuary)
  2 orc zombies (Ossuary)
  4 rats
85 creatures vanquished.

Notes
Turn   | Place    | Note
-------+----------+-------------------------------------------
     0 | D:1      | pkoi the Demonspawn Gladiator began the quest for the Orb.
     0 | D:1      | Reached XP level 1. HP: 16/16 MP: 1/1
   175 | D:1      | Reached skill level 3 in Unarmed Combat
   561 | D:1      | Gained mutation: You have large cloven feet. [demonic ancestry]
   561 | D:1      | Reached XP level 2. HP: 22/22 MP: 2/2
  1680 | D:2      | Reached XP level 3. HP: 27/27 MP: 3/3
  1717 | D:2      | Reached skill level 4 in Unarmed Combat
  1976 | D:3      | Reached XP level 4. HP: 15/33 MP: 4/4
  2484 | D:3      | Reached skill level 5 in Unarmed Combat
  2700 | D:3      | Gained mutation: You have sharp fingernails. [demonic ancestry]
  2700 | D:3      | Reached XP level 5. HP: 32/38 MP: 5/5
  2957 | D:3      | Got a steaming granite ring
  2958 | D:3      | Identified the ring "Kuxaibu" {rElec Int+2} (You found it on level 3 of the Dungeon)
  3085 | D:4      | Found a sand-covered staircase.
  3095 | Ossuary  | Entered an ossuary
  3223 | Ossuary  | Reached skill level 6 in Unarmed Combat
  3457 | D:4      | Noticed Natasha
  3462 | D:4      | Killed Natasha
  3462 | D:4      | Gained mutation: You regenerate a little health from kills. [demonic ancestry]
  3462 | D:4      | Reached XP level 6. HP: 28/44 MP: 6/6
  3654 | D:4      | Found a shadowy altar of Dithmenos.
  3657 | D:4      | Noticed dolemite99's ghost (novice DsSk)
  3865 | D:4      | Found Woynorimp's Food Shoppe.
  4087 | D:4      | Noticed Natasha
  4092 | D:4      | Killed Natasha
  4100 | D:4      | Noticed Sigmund
  4179 | D:4      | Found a white marble altar of Elyvilon.
  4187 | D:4      | Noticed Natasha
  4195 | D:4      | Killed Natasha
  4211 | D:5      | Entered Level 5 of the Dungeon
  4225 | D:5      | Reached skill level 7 in Unarmed Combat
  4319 | D:5      | Demolished by an ogre

Vault maps used:
D:1:      evilmike_arrival_crescent, serial_park_tiny_2, minmay_statues_item
D:2:      hex_large
D:3:      serial_park_tiny_1, minmay_checkerbox
D:4:      elyvilon_altar_4, serial_shops, nicolae_shop_crystal, first_bread,
          enter_ossuary_3, grunt_dithmenos_smoke, uniq_sigmund, uniq_natasha
D:5:      serial_shops, shop, shop_fountains, shop_fountains
Ossuary:  ossuary_tomb_3

Skill      XL: |  1  2  3  4  5  6 |
---------------+-------------------+-----
Unarmed Combat | 3 4 5 6 7 |  7.0
Fighting       | |  2.0
Throwing       | |  1.7
Armour         | |  0.1
Dodging        | |  2.6

Action                   |  1- 3 |  4- 6 || total
-------------------------+-------+-------++-------
Melee: Unarmed           |   127 |   224 ||   351
       Kick              |    26 |    76 ||   102
  Use: Scroll            |     6 |     4 ||    10
       Potion            |     4 |     1 ||     5
  Eat: Chunk             |     3 |     8 ||    11
Armor: Leather armour    |    10 |       ||    10
       Plate armour      |    65 |   122 ||   187
       Skin              |       |     3 ||     3
Dodge: Dodged            |    37 |    63 ||   100

Table legend:
 A = Spawn XP
 B = Non-spawn XP
 C = Spawn XP percentage of total XP
 D = Spawn monster count
 E = Non-spawn monster count
 F = Spawn count percentage of total count
 G = Total turns spent on level
                    A         B        C        D         E        F      G
               +---------+---------+-------+---------+---------+-------+---------
         Total |       0 |     652 |   0.0 |       0 |      85 |   0.0 |  4319
               +---------+---------+-------+---------+---------+-------+---------
           D:1 |       0 |      18 |   0.0 |       0 |       9 |   0.0 |   952
           D:2 |       0 |      55 |   0.0 |       0 |      18 |   0.0 |  1398
           D:3 |       0 |     147 |   0.0 |       0 |      28 |   0.0 |   944
           D:4 |       0 |     232 |   0.0 |       0 |      11 |   0.0 |   558
           D:5 |       0 |      48 |   0.0 |       0 |       3 |   0.0 |   108
       Ossuary |       0 |     152 |   0.0 |       0 |      16 |   0.0 |   359
               +---------+---------+-------+---------+---------+-------+---------
